 Dungeon Crawl Stone Soup version 0.30.1-9-gdf580d7c3d (webtiles) character file.

Game seed: 12294521675112169218

148 eliilek the Shield-Bearer (level 5, 0/46 HPs)
             Began as a Minotaur Fighter on Sept 24, 2023.
             Killed by divine providence
             ... invoked by an orc priest
              (13 damage)
             ... on level 4 of the Dungeon.
             The game lasted 00:07:12 (2877 turns).

eliilek the Shield-Bearer (Minotaur Fighter)        Turns: 2877, Time: 00:07:14

Health: 0/46       AC:  9    Str: 21    XL:     5   Next: 8%
Magic:  4/4        EV:  8    Int:  5    God:
Gold:   188        SH:  5    Dex: 11    Spells: 4/4 levels left

rFire   . . .        a - +0 flail
rCold   . . .        c - +0 buckler
rNeg    . . .        r - +0 chain mail
rPois   .            (helmet restricted)
rElec   .            (no cloak)
rCorr   .            (no gloves)
SInv    .            (no boots)
Will    .....        (no amulet) Stlth
                     (no ring)
HPRegen 0.27/turn    (no ring)
MPRegen 0.09/turn

%: no passive effects
@: lethally poisoned (0 -> -18)
A: horns 2, retaliatory headbutt
a: no special abilities


You were on level 4 of the Dungeon.
You visited 1 branch of the dungeon, and saw 4 of its levels.

You collected 188 gold pieces.

Inventory:

Hand Weapons
 a - a +0 flail (weapon)
Armour
 c - a +0 buckler (worn)
 r - a +0 chain mail (worn)
Scrolls
 f - a scroll of fog {unknown}
 j - 3 scrolls of identify {unknown}
 m - a scroll of poison {unknown}
 n - 2 scrolls of fear {unknown}
 p - a scroll of enchant armour {unknown}
 q - 2 scrolls of blinking {unknown}
 s - a scroll of immolation {unknown}
Potions
 b - a potion of lignification {unknown}
 d - 2 potions of might
 e - 4 potions of invisibility {unknown}
 g - a potion of mutation {unknown}
 h - 3 potions of brilliance {unknown}
 i - a potion of magic {unknown}
 k - 2 potions of curing {unknown}
 l - 2 potions of flight {unknown}
 o - a potion of degeneration {unknown}
 t - a potion of berserk rage {unknown}


   Skills:
 + Level 4.3 Fighting
 * Level 4.1 Maces & Flails
 + Level 4.3 Armour
 * Level 5.1 Shields


You had 4 spell levels left.
You didn't know any spells.
Your spell library was empty.

Dungeon Overview and Level Annotations

Branches:
Dungeon (4/15)
 Temple: D:4-7

Altars:

Shops:
D:1 :


Innate Abilities, Weirdness & Mutations

You have a pair of horns on your head.
You reflexively headbutt those who attack you in melee.


Message History

A quokka and an orc priest come into view.
The orc priest shouts!
An orc comes into view. It is wielding a +0 trident.
An orc comes into view. It is wielding a +0 dagger of venom.
An orc priest comes into view. It is wielding a +0 club.
An orc wizard comes into view. It is wielding a +0 dagger.
The orc wizard shouts!
The orc priest shouts!
The quokka barely misses you.
You barely miss the orc priest. You headbutt the orc priest.
The orc priest is moderately wounded.
The orc priest closely misses you. You block the quokka's attack.
The orc priest miscasts a cantrip.
The orc hits you but does no damage.
You are poisoned.
The orc hits you from afar with a +0 trident.
You barely miss the orc priest.
The orc priest is moderately wounded.
You feel very sick.
The quokka bites you but does no damage.
The orc priest hits you with a +0 war axe.
The orc hits you but does no damage.
You are more poisoned.
The orc closely misses you.
The quokka bites you but does no damage.
You hit the orc priest.
The orc priest is severely wounded.
You feel very sick. The quokka bites you.
The orc priest mumbles some strange prayers to Beogh against you.
Beogh smites you! The orc hits you but does no damage.
You are lethally poisoned!
The orc hits you from afar with a +0 trident.
You closely miss the orc priest.
The orc priest is severely wounded.
* * * LOW HITPOINT WARNING * * *
You feel extremely sick. You block the quokka's attack.
The orc priest calls down the wrath of Beogh upon you.
Beogh smites you!
You die...

#......#
####)..#
##.<.# #....#
#....# #.
###..#
....###..#
.......r.#
........@#
#....##oooo..#
####+ #..o...#
#..##..# ####
..# .# #


You could see 2 orc priests, an orc wizard, 2 orcs and a quokka.

Vanquished Creatures
  Terence (D:3)
  5 adders
  A worm (D:3)
  2 dart slugs (D:2)
  7 orcs
  6 ball pythons
  10 endoplasms
  A giant cockroach (D:3)
  2 goblins
  A hobgoblin (D:1)
  2 jackals (D:1)
  2 quokkas
  6 bats
  5 frilled lizards
  6 kobolds
  7 rats
64 creatures vanquished.

Notes
Turn   | Place    | Note
-------+----------+-------------------------------------------
     0 | D:1      | eliilek the Minotaur Fighter began the quest for the Orb.
     0 | D:1      | Reached XP level 1. HP: 19/19 MP: 0/0
   288 | D:1      | Found Seruhug's Book Shoppe.
   376 | D:1      | Reached XP level 2. HP: 27/27 MP: 1/1
   432 | D:1      | Reached skill level 4 in Shields
   926 | D:2      | Reached XP level 3. HP: 29/33 MP: 2/2
  1209 | D:2      | Identified the +1 leather armour "Tuxteu" {rElec}
  1405 | D:2      | Reached XP level 4. HP: 40/40 MP: 3/3
  1871 | D:3      | Noticed Terence
  1885 | D:3      | Killed Terence
  1886 | D:3      | Reached skill level 5 in Shields
  2493 | D:3      | Reached XP level 5. HP: 41/46 MP: 4/4
  2843 | D:4      | Upgraded the game from 0.30.1-8-g117510f58f to
                  | 0.30.1-9-gdf580d7c3d
  2877 | D:4      | Killed from afar by an orc priest

Illustrated notes

Levels and vault maps discovered:
D:1:      ldierk_walled_garden_2, layout_loops_corners, serial_shops,
          nicolae_shop_just_a_little_nook
D:2:      layout_loops_ring, amcnicky_mini_corridor_feature, dk_noncrumbling_4,
          st_stairs_14
D:3:      layout_basic, st_stairs_6, minmay_cut_off, uniq_terence
D:4:      nicolae_cairo_tiling_very_big, layout_gridville, marbit_many_paths,
          uniq_pikel, uniq_blork_the_orc, uniq_grinder

Skill      XL: |  1  2  3  4 |
---------------+-------------+-----
Shields        | 4 5 |  5.1
Maces & Flails | 3 4 |  4.1
Armour         | 4 |  4.3
Fighting       | 4 |  4.3

Action                     |  1- 3 |  4- 6 || total
---------------------------+-------+-------++-------
  Melee: Flail             |    78 |    68 ||   146
         Headbutt          |    14 |    11 ||    25
 Armour: Scale mail        |    35 |     1 ||    36
         Chain mail        |       |    32 ||    32
  Dodge: Dodged            |    27 |    25 ||    52
  Block: Buckler           |    14 |    10 ||    24
